 Dungeon Crawl Stone Soup version 0.29-a0-892-g2c4c91d9db (webtiles) character file.

Game seed: 15431434409705816040

5100 Tyranthos the Cudgeller (level 10, -3/84 HPs)
             Began as a Ghoul Abyssal Knight on July 22, 2022.
             Was a Priest of Lugonu.
             Slain by a killer bee (8 damage)
             ... on level 8 of the Dungeon.
             The game lasted 00:22:57 (8035 turns).

Tyranthos the Cudgeller (Ghoul Abyssal Knight)      Turns: 8035, Time: 00:22:58

Health: -3/84      AC: 11    Str: 18    XL:     10   Next: 57%
Magic:  14/14      EV: 11    Int:  9    God:    Lugonu [***...]
Gold:   377        SH:  0    Dex:  9    Spells: 9/11 levels left

rFire   + . .      SeeInvis .   r - +0 battleaxe (protect)
rCold   + . .      Faith    .   (shield currently unavailable)
rNeg    + + +      Spirit   .   h - +0 scale mail
rPois   ∞          Reflect  .   (no helmet)
rElec   .          Harm     .   m - +0 cloak
rCorr   .          Rampage  .   b - +1 pair of gloves
Will    .....                   (no boots)
Stlth   ..........              a - amulet of the acrobat
HPRegen 0.00/turn               x - ring of wizardry
MPRegen 0.14/turn               s - ring of protection from fire

@: inhibited regen
A: claws 1, cold resistance 1, negative energy resistance 3, inhibited
regeneration, torment resistance 2, devour on kill
a: Renounce Religion, Depart the Abyss, Bend Space, Banish


You were on level 8 of the Dungeon.
You worshipped Lugonu.
Lugonu was most pleased with you.
You visited 1 branch of the dungeon, and saw 8 of its levels.
You visited the Abyss 1 time.

You collected 377 gold pieces.

Inventory:

Hand Weapons
 e - a +2 war axe
 o - the +4 flail "Concordance" {vamp, rC- Str+4 SInv Stlth+}
   (You found it on level 4 of the Dungeon)

   It occasionally heals its wielder for a portion of the damage dealt when it
   wounds a living foe.
   Str:       It affects your strength (+4).
   rC:        It makes you vulnerable to cold.
   SInv:      It lets you see invisible.
   Stlth:     It makes you more stealthy.
 r - a +0 battleaxe of protection (weapon)
 t - a +2 hammer of venom
Missiles
 g - a throwing net
Armour
 b - a +1 pair of gloves (worn)
 h - a +0 scale mail (worn)
 m - a +0 cloak (worn)
Magical Staves
 l - a staff of earth
Jewellery
 a - an amulet of the acrobat (around neck)
 s - a ring of protection from fire (right hand)
 x - a ring of wizardry (left hand)
Scrolls
 d - 4 scrolls of teleportation
 f - 2 scrolls of poison
 j - 8 scrolls of identify
Potions
 c - a potion of brilliance
 i - 2 potions of flight
 n - a potion of lignification
 w - a potion of magic


   Skills:
 + Level 6.5 Fighting
 + Level 4.2(6.3) Axes
 + Level 7.3(7.9) Maces & Flails
 + Level 6.9 Armour
 + Level 4.6 Dodging
 * Level 1.2 Spellcasting
 + Level 0.3 Air Magic
 * Level 1.1 Poison Magic
 + Level 7.0 Invocations


You had 9 spell levels left.
You knew the following spells:

 Your Spells              Type           Power      Damage    Failure   Level
a - Poisonous Vapours     Pois/Air       2%         N/A       41%         2

Your spell library contained the following spells:

 Spells                   Type           Power      Damage    Failure   Level
 Static Discharge         Conj/Air       0%         3-3/arc   47%         2
 Ensorcelled Hibernation  Hex/Ice        0%         N/A       50%         2
 Corpse Rot               Necr/Pois/Air  1%         N/A       96%         4
 Anguish                  Hex/Necr       0%         N/A       98%         4
 Dispel Undead            Necr           0%         3d6       98%         4
 Sticky Flame             Conj/Fire      0%         2d3       98%         4
 Spider Form              Tmut/Pois      Unusable   N/A       N/A         3

Dungeon Overview and Level Annotations

Branches:
Dungeon (8/15)             Temple (0/1) D:4            Lair (0/5) D:8

Altars:
Hepliaklqana
Makhleb
Okawaru
Qazlal
Ru
Trog
Uskayaw
Wu Jian
Yredelemnul

Annotations:
D:7 corrupted


Innate Abilities, Weirdness & Mutations

You are immune to poison.
You have sharp fingernails.
Your flesh is cold resistant. (rC+)
You are immune to negative energy. (rN+++)
You do not regenerate when monsters are visible.
You are immune to unholy pain and torment.
You thrive by killing the living.


Message History

The killer bee stings you but does no damage.
The killer bee stings you.
* * * LOW HITPOINT WARNING * * *
You closely miss the killer bee.
The killer bee stings you but does no damage. x2
The killer bee closely misses you.
You slash the killer bee!
The killer bee is almost dead.
The killer bee barely misses you.
The killer bee stings you but does no damage.
You slice the killer bee!!
You kill the killer bee!
Lugonu accepts your kill.
The killer bee stings you but does no damage.
The killer bee closely misses you.
You miss the killer bee.
The killer bee stings you but does no damage.
The killer bee closely misses you. x2
You miss the killer bee.
The killer bee stings you but does no damage.
The killer bee misses you. The killer bee stings you.
* * * LOW HITPOINT WARNING * * *
You closely miss the killer bee.
The killer bee stings you but does no damage.
The killer bee stings you.
* * * LOW HITPOINT WARNING * * *
You hit the killer bee.
Your weapon exudes an aura of protection.
The killer bee is lightly wounded.
The killer bee stings you but does no damage.
The killer bee barely misses you. The killer bee misses you.
You barely miss the killer bee.
The killer bee is lightly wounded.
The killer bee stings you but does no damage.
The killer bee completely misses you. The killer bee stings you.
* * * LOW HITPOINT WARNING * * *
You closely miss the killer bee.
The killer bee is lightly wounded.
The killer bee stings you!
You die...

#.8.. #.# # ##.... #.# #.
#8.... #.# #.##..... #.#
#..#..... #.# #..#.)..
#.# ##.#....
########.#######..##.
#.yy@..............##
#..##########......##
#''# ######.......# .....
#...........## P..P..Py
##.####...#..# #P..P..P..
###.####..#.##
#P..P.yPy.P#..........##.
#P..P..P..P#>#.#####.####
#P..P..P..P#..## #.# #8


You could see 2 killer bees.

Vanquished Creatures
  Psyche (D:8)
  A queen bee (D:8)
  A wyvern (D:8)
  10 yaks
  A water moccasin (D:5)
  An ice beast (D:6)
  3 sky beasts
  An ogre (D:5)
  2 phantoms
  3 bullfrogs (D:7)
  A gnoll sergeant (D:8)
  A necrophage (D:5)
  2 scorpions (D:7)
  2 water moccasin zombies (D:5)
  4 wights
  9 killer bees (D:8)
  5 howler monkeys
  The ghost of Garessta the Vexing, a weakling DsEn (D:3)
  A quasit (D:8)
  3 jellies
  Crazy Yiuf (D:5)
  Terence (D:2)
  2 orc wizards (D:5)
  2 iguanas (D:5)
  A scorpion zombie (D:5)
  3 killer bee zombies (D:5)
  4 gnolls (D:8)
  5 adders
  2 shadow imps
  2 white imps
  2 ufetubi
  2 dart slugs
  6 orcs (D:6)
  9 bats
  5 endoplasms
  2 giant cockroaches
  6 goblins
  3 hobgoblins
  3 jackals (D:2)
  4 kobolds
  4 quokkas
  2 ball pythons
  2 frilled lizards
  3 rats
129 creatures vanquished.

Vanquished Creatures (collateral kills)
  An orc priest (D:5)
1 creature vanquished.

Vanquished Creatures (others)
  2 wights (D:7)
  A gnoll bouda (D:7)
  4 gnolls (D:7)
  4 fungi (D:5)
  14 plants (D:8)
25 creatures vanquished.

Grand Total: 155 creatures vanquished

Notes
Turn   | Place    | Note
-------+----------+-------------------------------------------
     0 | Abyss:1  | Tyranthos the Ghoul Abyssal Knight began the quest for the
                  | Orb.
     0 | Abyss:1  | Reached XP level 1. HP: 19/19 MP: 1/1
     1 | D:1      | Escaped the Abyss
   142 | D:1      | Reached XP level 2. HP: 26/26 MP: 2/2
   243 | D:1      | Reached skill level 1 in Dodging
   585 | D:2      | Reached *** piety under Lugonu
   659 | D:2      | Reached XP level 3. HP: 32/33 MP: 3/3
   702 | D:2      | Noticed Terence
   717 | D:2      | Killed Terence
  1124 | D:2      | Reached XP level 4. HP: 40/40 MP: 4/4
  1397 | D:2      | Found a sacrificial altar of Ru.
  1852 | D:3      | Found a runed translucent door.
  1854 | D:3      | Noticed Garessta's ghost (weakling DsEn)
  1882 | D:3      | Killed Garessta's ghost
  1883 | D:3      | Reached XP level 5. HP: 39/46 MP: 4/6
  2002 | D:3      | Found a burning altar of Makhleb.
  2003 | D:3      | Noticed a green death
  2003 | D:3      | Noticed an angel
  2814 | D:4      | Identified the +4 flail "Concordance" {vamp, rC- Str+4 SInv
                  | Stlth+}
  2925 | D:4      | Found a staircase to the Ecumenical Temple.
  3044 | D:4      | Reached XP level 6. HP: 53/53 MP: 7/7
  3195 | D:5      | Entered Level 5 of the Dungeon
  3201 | D:5      | Identified the +3 quarterstaff of Stained Valour {flame,
                  | rF+ rC+ Int-3 Dex+2}
  3364 | D:5      | Noticed a yak
  3366 | D:5      | Noticed a yak
  3366 | D:5      | Noticed a yak
  3366 | D:5      | Noticed a yak
  3384 | D:5      | Noticed a yak
  3407 | D:5      | Reached skill level 1 in Maces & Flails
  3409 | D:5      | Killed a yak
  3410 | D:5      | Reached XP level 7. HP: 38/60 MP: 2/8
  3416 | D:5      | Killed a yak
  3435 | D:5      | Killed a yak
  3439 | D:5      | Killed a yak
  3440 | D:5      | Reached XP level 8. HP: 17/67 MP: 1/10
  3446 | D:5      | Killed a yak
  3689 | D:5      | Reached skill level 5 in Fighting
  3689 | D:5      | Reached skill level 5 in Armour
  3995 | D:5      | Found a basalt altar of Yredelemnul.
  4375 | D:5      | Reached XP level 9. HP: 72/74 MP: 8/11
  4683 | D:5      | Found a runed translucent door.
  4684 | D:5      | Noticed Crazy Yiuf
  4694 | D:5      | Killed Crazy Yiuf
  4695 | D:5      | Reached skill level 5 in Invocations
  4809 | D:6      | Identified the +7 whip "Kaqiur" {freeze, *Slow Str+4}
  4954 | D:6      | Found an ornate altar of the Wu Jian Council.
  4971 | D:6      | Reached skill level 5 in Maces & Flails
  5125 | D:6      | Found a hazy altar of Hepliaklqana.
  5126 | D:6      | Found a bloodstained altar of Trog.
  5455 | D:6      | Found a hide-covered altar of Uskayaw.
  5616 | D:7      | Reached **** piety under Lugonu
  5748 | D:7      | Found an iron altar of Okawaru.
  5871 | D:7      | Corrupted D:7
  5871 | D:7      | Noticed a spatial maelstrom
  5871 | D:7      | Noticed a starcursed mass
  5871 | D:7      | Noticed a thrashing horror
  5871 | D:7      | Noticed a thrashing horror
  5872 | D:7      | Noticed a smoke demon
  5872 | D:7      | Noticed a bone dragon
  5872 | D:7      | Noticed a large abomination
  5874 | D:7      | Noticed a smoke demon
  5944 | D:7      | Learned a level 2 spell: Poisonous Vapours
  6732 | D:8      | Found a stormy altar of Qazlal.
  6911 | D:8      | Found a staircase to the Lair.
  7039 | D:8      | HP: 3/75 [wight/+3 halberd (14)]
  7040 | D:8      | Reached XP level 10. HP: 3/83 MP: 13/13
  7510 | D:8      | Noticed Psyche
  7530 | D:8      | Killed Psyche
  7963 | D:8      | Reached skill level 1 in Spellcasting
  7963 | D:8      | Reached skill level 1 in Poison Magic
  8035 | D:8      | Slain by a killer bee

Illustrated notes

Levels and vault maps discovered:
D:1:      mrwooster_arrival_statue_2, layout_rooms
D:2:      layout_basic, basic_altar, uniq_terence
D:3:      layout_loops_ring, grunt_temple_overflow_order_and_chaos_2,
          ebering_ghost_sewer_d, nrook_mini_vaults, nicolae_titane
D:4:      layout_basic, minmay_temple_entry_ruins
D:5:      layout_rooms, elyvilon_altar_1, nicolae_yredelemnul_corpse_copse,
          grunt_decor_fettered, uniq_crazy_yiuf_cottage
D:6:      layout_loops_ring, kennysheep_mini,
          mainiacjoe_overflow_six_doors_small, nicolae_overflow_squiral
D:7:      layout_loops_corners, okawaru_trees_1, serial_aquarium,
          aquarium_bridge_straight [aquarium_subvault_bridge,
          aquarium_subvault_wall, aquarium_subvault_bridge,
          aquarium_subvault_balcony], aquarium_window_fake, aquarium_window_1,
          aquarium_view_2c, aquarium_balcony_double_3, aquarium_pool_2,
          hangedman_decor_opposing, st_stairs_11
D:8:      hellmonk_crumbling_castle, layout_loops_ring, grunt_qazlal_clouds,
          gammafunk_ghost_hydra_chop, serial_demonic, serial_demonic_c,
          serial_demonic_b, serial_demonic_a, serial_demonic_e,
          nicolae_looking_at_the_future, uniq_psyche

Skill      XL: |  1  2  3  4  5  6  7  8  9 10 |
---------------+-------------------------------+-----
Dodging        | 1 2 3 4 |  4.6
Axes           | 2 3 4 |  4.2
Fighting       | 4 5 6 |  6.5
Armour         | 2 3 4 5 6 |  6.9
Invocations    | 3 4 6 7 |  7.0
Maces & Flails | 1 3 4 6 7 |  7.3
Spellcasting   | 1 |  1.2
Poison Magic   | 1 |  1.1
Air Magic      | |  0.3

Action                   |  1- 3 |  4- 6 |  7- 9 | 10-12 || total
-------------------------+-------+-------+-------+-------++-------
Melee: Hand axe          |    96 |    61 |       |       ||   157
       Flail             |       |    43 |   269 |    21 ||   333
       Punch             |       |       |     3 |       ||     3
       Mace              |       |       |    27 |       ||    27
       Battleaxe         |       |       |       |   124 ||   124
 Cast: Poisonous Vapours |       |       |     1 |       ||     1
Invok: Banish            |       |     2 |     5 |     3 ||    10
       Bend Space        |       |     2 |     2 |       ||     4
       Corrupt           |       |       |     1 |       ||     1
  Use: Scroll            |     5 |     9 |     8 |       ||    22
       Potion            |       |     3 |     4 |     2 ||     9
 Stab: Invisible         |       |     1 |       |       ||     1
       Distracted        |       |       |     1 |       ||     1
Armor: Leather armour    |    23 |       |       |       ||    23
       Scale mail        |    12 |    63 |   163 |    81 ||   319
Dodge: Dodged            |    63 |    64 |   219 |   126 ||   472

Table legend: (Time is in decaauts)
 A = Elapsed time spent in this place.
 B = Non-inter-level travel time spent in this place.
 C = Inter-level travel time spent in this place.
 D = Time resting spent in this place.
 E = Time spent auto-exploring this place.
 F = Levels seen in this place.
 G = Mean time per level.
                   A        B        C        D        E       F      G
               +--------+--------+--------+--------+--------+-----+--------+
         Total |   8100 |   7862 |    238 |      0 |   6467 |   9 |  900.0 |
       Dungeon |   8099 |   7861 |    238 |      0 |   6467 |   8 | 1012.4 |
         Abyss |      1 |      1 |      0 |      0 |      0 |   1 |    1.0 |
               +--------+--------+--------+--------+--------+-----+--------+

Top non-repeatable levels by time:
     D:5: 1560 daAuts
     D:8: 1374 daAuts
     D:7: 1195 daAuts
     D:2: 1169 daAuts
     D:4: 773 daAuts
     D:6: 737 daAuts
     D:3: 712 daAuts
     D:1: 577 daAuts
 Abyss:1: 1 daAuts
